 BcadrenCrawl: Boulder Brew version 0.03.3.1 (webtiles) character file.

Game seed: 1370628347156018169, levelgen mode: deterministic

35042 Chiseanne the Covert (level 13, -14/56 HPs) Spriggan Demonspawn. Began on Mar 12, 2021. Was a High Priest of Dithmenos. Shot with a boulder by a cyclops (41 damage) ... on level 1 of the Orcish Mines. The game lasted 00:38:44 (9221 turns).

Chiseanne the Covert (Spriggan Demonspawn)          Turns: 9221, Time: 00:38:45

Health: -14/56     AC: 12    Str: 10    XL:     13 ^: 14405
Magic:  27/30      EV: 44    Int: 15    God:    Dithmenos [5* [121]]
Gold:   498        SH:  0    Dex: 25    Spells: 25/36 levels left

rFire    . . .     Vision   +   a - +4 dagger (acid)
rCold    . . .     Gourm    .   o - +4 demon blade (molten)
rNeg     . . .     Faith    .   z - +1 troll leather
rPois    .         Spirit   .   q - +2 hat
rElec    .         Reflect  .   (no cloak)
rCorr    .         Harm     .   (gloves unavailable)
MR       ++...                  (boots unavailable)
Stlth    ++++++++++             k - amulet of Mysticism {Acrobat Stlth+}
HPRegen  0.68/turn              j - ring of wizardry
MPRegen  0.40/turn              A - ring of protection

@: acrobat, wreathed by umbra, studying Fighting, very quick
A: very small, unfitting armour, horns 1, thin skeletal structure 3, see
invisible, herbivore, speed 3, nightstalker 3, slow metabolism 2, spiny 1
a: Shadow Step, Shadow Form, Renounce Religion


You were on level 1 of the Orcish Mines.
You worshipped Dithmenos.
Dithmenos was extremely pleased with you.
You were very full.

You visited 3 branches of the dungeon, and saw 10 of its levels.
You also visited: Bailey.

You collected 498 gold pieces.

Inventory:

Weapons
 a - a +4 dagger of caustic ooze (weapon)
 o - a +4 demon blade of molten steel (weapon)
 s - a +3 dagger of freezing
 w - a +0 shortbow of molten steel
Armour
 q - a +2 hat (worn)
 z - a +1 troll leather (worn)
 E - +0 ice dragon scales
Jewellery
 j - a ring of wizardry (left hand)
 k - the amulet of Mysticism (around neck) {Acrobat Stlth+}
   (You acquired it on level 5 of the Dungeon)

   [amulet of the acrobat]

   It helps you evade while moving and waiting.
   It makes you more stealthy.
 A - a ring of protection (right hand)
 D - an uncursed ring of resist corrosion
Wands
 t - a wand of polymorph
 C - a wand of disintegration (10)
Scrolls
 c - 2 scrolls of amnesia
 e - 9 scrolls of teleportation
 g - a scroll of immolation
 h - 3 scrolls of fear
 n - 3 scrolls of blinking
 v - a scroll of magic mapping
 B - 3 scrolls of summoning
Potions
 f - 5 potions of heal wounds
 i - 2 potions of mutation
 l - a potion of brilliance
 m - 5 potions of invisibility
 p - 3 potions of lignification
 r - 4 potions of curing
 u - a potion of cancellation
 x - a potion of berserk rage
Miscellaneous
 b - a sack of spiders
Comestibles
 d - 27 rations


   Skills:
 - Level 0.7 Fighting
 - Level 10.1 Short Blades
 - Level 10.5 Dodging
 - Level 14.2 Stealth
 * Level 12.4 Spellcasting
 * Level 12.3 Hexes
 - Level 1.5 Fire Magic
 * Level 4.5 Air Magic
 - Level 2.6 Invocations


You had 25 spell levels left.
You knew the following spells:

 Your Spells              Type           Power        Failure   Level  Hunger
a - Blink                 Tloc           N/A          5%          2    None
b - Confuse               Hex            46 (100)     1%          3    None
c - Conjure Flame         Fire           14 (100)     6%          3    None
d - Mephitic Cloud        Pois/Air       16 (100)     4%          3    None

Your spell library contained the following spells:

 Spells                   Type           Power        Failure   Level  Hunger
 Confusing Touch          Hex            46 (50)      1%          1    None
 Flame Tongue             Fire           14 (30)      1%          1    None
 Slow                     Hex            46 (100)     1%          2    None
 Call Imp                 Summ           9 (100)      5%          2    None
 Corpse Rot               Tmut/Necr      N/A          5%          2    None
 Yara's Violent Unravell  Hex/Tmut       27 (200)     8%          5    #####..
 Gell's Gravitas          Tloc           9 (200)      11%         3    None
 Portal Projectile        Chrm/Tloc      9 (50)       11%         3    None
 Stone Arrow              Erth           9 (50)       11%         3    None
 Muse Oam's Air Blast     Tloc/Air       16 (100)     14%         4    ###....
 Leda's Liquefaction      Tmut/Erth      9 (200)      32%         4    ###....
 Petrify                  Tmut/Erth      9 (100)      32%         4    ###....
 Lee's Rapid Deconstruct  Erth           9 (200)      65%         5    #####..
 Summon Forest            Summ/Erth      9 (200)      65%         5    #####..
 Borgnjor's Vile Clutch   Necr/Erth      9 (200)      99%         6    ######.
 Dispersal                Tloc           9 (200)      99%         6    ######.
 Eringya's Noxious Bog    Tmut/Pois      9 (200)      99%         6    ######.
 Summon Hydra Mount       Summ           9 (200)      99%         6    ######.
 Controlled Blink         Tloc           9 (100)      100%        7    #######
 Disjunction              Tloc           9 (200)      100%        8    #######


Dungeon Overview and Level Annotations

Branches:
Dungeon (8/8)              Temple (1/1) D:4            Lair (0/6) D:5
    Orc (1/2) D:6          Vaults (0/5) D:7          Depths (0/5) D:8
 Bailey (visited)

Altars:
Dithmenos
Elyvilon
Fedhas Madash
Gozag Ym Sagoz
Hepliaklqana
Kikubaaqudgha
Makhleb
Nemelex Xobeh
Okawaru
Ru
Sif Muna
Trog
Uskayaw
Vehumet
Wu Jian
Xom
Yredelemnul
The Shining One

Annotations:
D:2 1 exclusion


Innate Abilities, Weirdness & Mutations

You are very small and have problems with some larger weapons.
You are too small for most types of armour.
You have a pair of small horns on your head.
You have an unnaturally thin skeletal structure. (Dex +6, Stealth++)
You have supernaturally acute eyesight. (+Vis)
You are a herbivore.
You cover ground extremely quickly.
You are completely attuned to the shadows.
You need to consume almost no food.
You are partially covered in sharp spines.


Message History

The ball explodes into a vile cloud!
The stinking cloud engulfs the cyclops but does no damage (0).
The stinking cloud engulfs the orc warrior but does no damage (0).
The stinking cloud engulfs the cyclops but does no damage (0). x2
Your shadow mimicks your spell!
The shadow shard hits the cyclops (19)!!
The cyclops is engulfed in noxious fumes (1).
The cyclops hurls a boulder.
The boulder explodes!
The explosion of boulder fragments engulfs you but does no damage (0).
The cyclops is engulfed in noxious fumes (0).
The cyclops wields a cursed +0 mangonel {(Curse: rC- MR-)}.
The cyclops hurls a boulder.
The boulder crushes you (18)!!
The boulder explodes!
The explosion of boulder fragments engulfs you but does no damage (0).
The orc warrior is engulfed in noxious fumes (1).
The orc warrior appears confused.
The orc warrior hits the cyclops with a +0 halberd (12)!
The cyclops hurls a boulder.
The boulder crushes you (41)!!!
Ouch! That really hurt!
You die...

#....#
#..oC#C
#.C○.'C
#.○☼C#
#)).†#
#....#
##.### #@#
#.## #..#
##.# #†#
#.## #..#
##.#
#..........
#.#
#..........


You could see a cyclops.

Vanquished Creatures
  Circe (D:7)
  Louise (D:7)
  Roxanne (D:7)
  An ice dragon (D:8)
  A death knight (D:8)
  2 boulder beetles
  An ogre mage (Orc:1)
  A hell knight (D:8)
  8 two-headed ogres
  An unseen horror (D:7)
  A deep elf archer (D:8)
  3 hydras
  An orc knight (Bailey)
  2 dancing weapons (D:7)
  5 centaur warriors
  An orc sorcerer (Orc:1)
  2 manticores
  6 ugly things
  A mana viper (shapeshifter) (D:8)
  A troll (D:6)
  A freezing wraith (D:7)
  2 meliai (D:8)
  2 tengu conjurers
  2 kobold demonologists
  A wolf spider (D:7)
  2 komodo dragons
  An efreet (D:8)
  A hornet (D:5)
  Sigmund (D:2)
  8 cyclopes
  2 shadows (D:8)
  A hog (shapeshifter) (D:8)
  A yak (D:6)
  3 basilisks
  Eustachio (D:3)
  A wyvern (D:8)
  A hungry ghost (D:6)
  2 acid dragons
  A slime creature (D:7)
  5 wargs
  A vampire mosquito (D:7)
  A soldier ant (D:7)
  2 phantoms
  2 scorpions
  A water moccasin (D:5)
  18 orc warriors
  2 ice beasts (D:5)
  5 ogres
  4 sky beasts
  A black bear (D:4)
  3 wolves (Orc:1)
  2 boggarts (D:8)
  2 crocodiles (D:2)
  2 big kobolds
  A rock worm zombie (D:6)
  2 bullfrogs
  2 centaurs
  2 howler monkeys (D:5)
  An electric eel (D:8)
  A lava snake (D:8)
  6 orc priests
  7 jellies
  7 orc wizards
  Terence (D:2)
  An iguana (D:6)
  7 worker ants
  4 wyvern zombies
  A water moccasin zombie (D:5)
  2 giant cockroaches
  A bullfrog zombie (D:5)
  Robin (D:2)
  A bullfrog skeleton (D:6)
  4 adders
  13 sewer rats (D:2)
  A white imp (D:3)
  9 cinder newts
  3 worms (D:2)
  3 oozes
  4 leopard geckos
  32 orcs
  An adder skeleton (D:2)
  An adder zombie (D:5)
  6 bats
  7 hobgoblins
  2 jackals (D:5)
  2 quokkas
  2 ball pythons
  A bat skeleton (D:2)
  13 goblins
  9 kobolds
  2 rats
  A giant blowfly (D:2)
  4 plants
  10 withered plants (D:2)
304 creatures vanquished.

Vanquished Creatures (others)
  A human (D:7)
  An orc warrior (Bailey)
  An orc (Bailey)
  A giant blowfly (D:2)
  A plant (Orc:1)
  A slimehead (D:2)
  80 withered plants (D:2)
86 creatures vanquished.

Grand Total: 390 creatures vanquished

Notes
Turn   | Place    | Note
-------+----------+-------------------------------------------
     0 | D:1      | Chiseanne the Spriggan Demonspawn began the quest for the
                  | Orb.
     0 | D:1      | Reached XP level 1. HP: 9/9 MP: 3/3
     6 | D:1      | Gained mutation: You are slightly more attuned to the
                  | shadows. [demonic ancestry]
     6 | D:1      | Reached XP level 2. HP: 14/14 MP: 5/5
    77 | D:1      | Reached skill level 4 in Stealth
   132 | D:1      | Reached XP level 3. HP: 17/17 MP: 6/6
   202 | D:1      | Reached skill level 5 in Dodging
   453 | D:1      | Reached skill level 5 in Stealth
   453 | D:1      | Gained mutation: You have a somewhat thin skeletal
                  | structure. (Dex +2, Stealth) [demonic ancestry]
   453 | D:1      | Reached XP level 4. HP: 21/21 MP: 7/7
   801 | D:2      | Noticed a big kobold
   812 | D:2      | Killed a big kobold
   812 | D:2      | Reached skill level 6 in Stealth
   812 | D:2      | Gained mutation: You are partially covered in sharp spines.
                  | [demonic ancestry]
   812 | D:2      | Reached XP level 5. HP: 20/25 MP: 8/8
   913 | D:2      | Gained mutation: You are significantly more attuned to the
                  | shadows. [demonic ancestry]
   913 | D:2      | Reached XP level 6. HP: 26/29 MP: 9/9
  1087 | D:2      | Reached skill level 7 in Stealth
  1317 | D:2      | Noticed Terence
  1329 | D:2      | Killed Terence
  1431 | D:2      | Reached skill level 8 in Stealth
  1431 | D:2      | Gained mutation: You are completely attuned to the shadows.
                  | [demonic ancestry]
  1431 | D:2      | Reached XP level 7. HP: 29/32 MP: 10/10
  1437 | D:2      | Identified the cursed +0 helmet "Biruow" {rPois rC++ rCorr
                  | Int-4, (Curse: Fragile)}
  1437 | D:2      | Noticed Robin
  1445 | D:2      | Killed Robin
  1926 | D:2      | Noticed Sigmund
  1932 | D:2      | Killed Sigmund
  1932 | D:2      | Reached skill level 5 in Short Blades
  2099 | D:2      | Learned a level 2 spell: Blink
  2103 | D:2      | Learned a level 3 spell: Conjure Flame
  2623 | D:3      | Identified a scroll of acquirement
  2674 | D:3      | Found a sacrificial altar of Ru.
  2718 | D:3      | Noticed Eustachio
  2721 | D:3      | Killed Eustachio
  2721 | D:3      | Gained mutation: You have a moderately thin skeletal
                  | structure. (Dex +4, Stealth+) [demonic ancestry]
  2721 | D:3      | Reached XP level 8. HP: 37/37 MP: 11/11
  2917 | D:3      | Learned a level 3 spell: Confuse
  3844 | D:4      | Found a staircase to the Ecumenical Temple.
  3963 | Temple   | Entered the Ecumenical Temple
  4085 | Temple   | Became a worshipper of Dithmenos the Shadowed
  4276 | D:5      | Entered Level 5 of the Dungeon
  4341 | D:5      | Noticed a hatchet
  4342 | D:5      | Noticed a dagger
  4527 | D:5      | Found a hide-covered altar of Uskayaw.
  4543 | D:5      | Noticed a two-headed ogre
  4547 | D:5      | Reached skill level 10 in Short Blades
  4547 | D:5      | Reached XP level 9. HP: 39/40 MP: 12/12
  4766 | D:5      | Reached skill level 9 in Stealth
  4796 | D:5      | Reached * piety under Dithmenos
  4887 | D:5      | Found a staircase to the Lair.
  4959 | D:5      | Reached skill level 10 in Stealth
  5078 | D:5      | Killed a two-headed ogre
  5078 | D:5      | Reached skill level 11 in Stealth
  5094 | D:5      | Identified the amulet of Mysticism {Acrobat Stlth+} (You
                  | acquired it on level 5 of the Dungeon)
  5181 | D:5      | Found a sparkling altar of Nemelex Xobeh.
  5181 | D:5      | Found a blossoming altar of Fedhas.
  5329 | D:5      | Noticed a two-headed ogre
  5332 | D:5      | Killed a two-headed ogre
  5332 | D:5      | Reached skill level 12 in Stealth
  5332 | D:5      | Reached XP level 10. HP: 44/44 MP: 13/13
  5423 | D:5      | Noticed a two-headed ogre
  5425 | D:5      | Killed a two-headed ogre
  5425 | D:5      | Reached skill level 13 in Stealth
  5576 | D:5      | Reached skill level 10 in Dodging
  5809 | D:6      | Noticed a two-headed ogre
  5813 | D:6      | Killed a two-headed ogre
  5813 | D:6      | Reached skill level 14 in Stealth
  5821 | D:6      | Found a flagged portal.
  5838 | Bailey   | Entered a bailey
  5874 | Bailey   | Reached ** piety under Dithmenos
  5890 | Bailey   | Learned a level 3 spell: Mephitic Cloud
  5959 | Bailey   | Reached skill level 1 in Hexes
  6180 | Bailey   | Noticed an orc knight
  6181 | Bailey   | Identified the +7 bardiche of Upheaval {venom, MR+}
  6187 | Bailey   | Killed an orc knight
  6286 | D:6      | Gained mutation: You have an unnaturally thin skeletal
                  | structure. (Dex +6, Stealth++) [demonic ancestry]
  6286 | D:6      | Reached XP level 11. HP: 48/48 MP: 18/18
  6364 | D:6      | Reached skill level 5 in Spellcasting
  6369 | D:6      | Reached skill level 5 in Hexes
  6486 | D:6      | Noticed a two-headed ogre
  6494 | D:6      | Killed a two-headed ogre
  6503 | D:6      | Reached *** piety under Dithmenos
  7061 | D:6      | Found a staircase to the Orcish Mines.
  7205 | D:7      | Noticed Louise
  7209 | D:7      | Killed Louise
  7296 | D:7      | Noticed a boulder beetle
  7322 | D:7      | Killed a boulder beetle
  7396 | D:7      | Gained mutation: You have a pair of small horns on your
                  | head. [demonic ancestry]
  7396 | D:7      | Reached XP level 12. HP: 52/52 MP: 23/26
  7479 | D:7      | Noticed Circe
  7490 | D:7      | Killed Circe
  7564 | D:7      | Reached skill level 10 in Spellcasting
  7613 | D:7      | Reached skill level 10 in Hexes
  7734 | D:7      | Found a gate to the Vaults.
  7890 | D:7      | Reached **** piety under Dithmenos
  7911 | D:7      | Identified Roxanne's Handbook of the Arsonist
  7911 | D:7      | Noticed Roxanne
  7934 | D:7      | Killed Roxanne
  8209 | D:8      | Entered Level 8 of the Dungeon
  8221 | D:8      | Reached skill level 1 in Air Magic
  8280 | D:8      | Noticed a boulder beetle
  8284 | D:8      | Killed a boulder beetle
  8442 | D:8      | Noticed an ice dragon
  8448 | D:8      | Killed an ice dragon
  8448 | D:8      | Reached XP level 13. HP: 56/56 MP: 29/29
  8508 | D:8      | Found a staircase to the Depths.
  9067 | Orc:1    | Entered Level 1 of the Orcish Mines
  9112 | Orc:1    | Identified the cursed ring "Paugh" {rElec rN+ Str-2 Dex+4
                  | Stlth+, (Curse: Fragile)}
  9206 | Orc:1    | Reached ***** piety under Dithmenos
  9221 | Orc:1    | Shot with a boulder by a cyclops

Levels and vault maps discovered:
D:1:      onia_arrival_mini_spirals, layout_rooms
D:2:      layout_sewer, sewer_frog_pond, first_ration, uniq_terence, uniq_robin,
          uniq_sigmund
D:3:      layout_gridville, nicolae_ru_the_path_less_chosen, uniq_eustachio
D:4:      layout_twisted_cavern, minmay_temple_entry_junction
D:5:      layout_roguey, dancing_weapons_uskayaw,
          gammafunk_temple_overflow_wave, erik_lair_orcish_takeover,
          serial_glass, glass_columns_a, glass_columns_a, grunt_tengu_nest
D:6:      layout_cave_pods, orc_0_dummy, enter_bailey_3
D:7:      wander_river, layout_irregular_city, erik_vaults_1,
          minmay_tree_intersection, uniq_louise, uniq_circe, uniq_roxanne
D:8:      hangedman_depths_entry_civil_slaughter, layout_loops_ring,
          nicolae_lava_and_water
Temple:   dpeg_five_rooms_temple
Orc:1:    giant_chief_lemuel, layout_diamond_mine, serial_shops, shop,
          uniq_snorg

Skill      XL: |  1  2  3  4  5  6  7  8  9 10 11 12 13 |
---------------+----------------------------------------+-----
Stealth        | 4 5 6 8 12 14 | 14.2
Dodging        | 5 6 9 10 | 10.5
Short Blades   | 3 4 6 10 | 10.1
Hexes          | 4 8 11 12 | 12.3
Spellcasting   | 4 9 11 12 | 12.4
Air Magic      | 2 4 |  4.5
Fighting       | |  0.7
Fire Magic     | |  1.5
Invocations    | |  2.6

Action                   |  1- 3 |  4- 6 |  7- 9 | 10-12 | 13-15 || total
-------------------------+-------+-------+-------+-------+-------++-------
Melee: Rapier            |    36 |    64 |    78 |       |       ||   178
       Unarmed           |    15 |     5 |       |       |       ||    20
       Dagger            |       |    32 |   178 |   367 |    42 ||   619
       Headbutt          |       |       |       |    23 |     6 ||    29
       Demon blade       |       |       |       |       |    32 ||    32
 Fire: Hunting sling     |       |       |     2 |       |       ||     2
 Cast: Mephitic Cloud    |       |       |       |    14 |     6 ||    20
       Conjure Flame     |       |       |       |       |     2 ||     2
Evoke: Wand              |       |       |       |     2 |     3 ||     5
  Use: Scroll            |       |       |     7 |     6 |       ||    13
       Potion            |       |       |       |     6 |       ||     6
 Stab: Sleeping          |    10 |    12 |    19 |    63 |    12 ||   116
       Distracted        |       |       |     4 |     4 |       ||     8
       Confused          |       |       |       |    10 |     1 ||    11
  Eat: Ration            |       |       |     4 |       |     4 ||     8
Armor: Robe              |       |     1 |     5 |       |       ||     6
       Troll leather     |       |       |       |     7 |     8 ||    15
Dodge: Dodged            |    19 |    33 |    83 |    81 |    40 ||   256
       Rpst.: Demon blade |       |       |       |       |    11 ||    11
